 Dungeon Crawl Stone Soup version 0.23.2-33-g5129a83 (webtiles) character file.

Game seed: 14828758284761790831

28 DinnerBoy7 the Stinger (level 3, -3/31 HPs)
             Began as a Naga Venom Mage on July 29, 2019.
             Slain by a gnoll
             ... wielding a +0 club
              (7 damage)
             ... on level 2 of the Dungeon.
             The game lasted 00:04:14 (1039 turns).

DinnerBoy7 the Stinger (Naga Venom Mage)            Turns: 1039, Time: 00:04:15

Health: -3/31      AC:  2    Str: 10    XL:     3   Next: 14%
Magic:  2/6        EV:  9    Int: 16    God:
Gold:   29         SH:  0    Dex: 11    Spells: 5/6 levels left

rFire    . . .     SeeInvis +   (no weapon)
rCold    + . .     Gourm    .   (no shield)
rNeg     . . .     Faith    .   b - +0 leather armour
rPois    +         Spirit   .   (no helmet)
rElec    .         Reflect  .   (no cloak)
rCorr    .         Harm     .   (no gloves)
MR       .....                  (no barding)
Stlth    ++........             (no amulet)
HPRegen  0.10/turn              (no ring)
MPRegen  0.10/turn              h - ring of protection from cold

@: very slightly contaminated, very slow
A: large, see invisible, deformed body, poison resistance, slowness 2, slow
metabolism 1, spit poison 1, AC +1
a: Spit Poison


You were on level 2 of the Dungeon.
You were hungry.

You visited 1 branch of the dungeon, and saw 2 of its levels.

You collected 29 gold pieces.

Inventory:

Hand Weapons
 g - a +0 dagger
Missiles
 k - 8 tomahawks (quivered)
Armour
 a - a +0 robe
 b - a +0 leather armour (worn)
Jewellery
 h - a ring of protection from cold (right hand)
 i - an uncursed ring of ice
Scrolls
 d - a scroll of remove curse {unknown}
 f - a scroll of teleportation {unknown}
 j - a scroll of fog {unknown}
 l - a scroll of immolation {unknown}
Potions
 e - 4 potions of curing {unknown}
Comestibles
 c - 3 rations


   Skills:
 + Level 1.0 Fighting
 - Level 0.2 Armour
 + Level 1.8 Dodging
 - Level 3.0 Stealth
 + Level 2.2 Spellcasting
 + Level 1.4 Conjurations
 + Level 4.4 Poison Magic


You had 5 spell levels left.
You knew the following spells:

 Your Spells              Type           Power        Failure   Level  Hunger
a - Sting                 Conj/Pois      ##..         9%          1    #......

Your spell library contained the following spells:

 Spells                   Type           Power        Failure   Level  Hunger
 Poisonous Vapours        Pois/Air       #.....       17%         2    ###....
 Mephitic Cloud           Conj/Pois/Air  #.......     36%         3    ###....
 Olgreb's Toxic Radiance  Pois           ###.....     41%         4    #####..
 Venom Bolt               Conj/Pois      ##........   92%         5    ######.


Dungeon Overview and Level Annotations

Branches:
Dungeon (2/15)

Altars:
Kikubaaqudgha


Innate Abilities, Weirdness & Mutations

You cannot wear boots.
Your serpentine skin is tough. (AC +1)
You have supernaturally acute eyesight. (SInv)
Armour fits poorly on your strangely shaped body.
Your system is resistant to poisons. (rPois)
You cover ground very slowly.
You have a slow metabolism.
You can spit poison.


Message History

Aiming: Sting (safe; 10% risk of failure)
Press: ? - help, Shift-Dir - straight line, f/p - gnoll
Aim: a gnoll, wielding a +0 club (severely wounded, poisoned)
The sting hits the gnoll.
You kill the gnoll!
Your Fighting skill increases to level 1!
You have reached level 3!
Your experience leads to an increase in your attributes!
Increase (S)trength, (I)ntelligence, or (D)exterity?
You feel clever.
Your skin feels tougher.
The gnoll hits you from afar with a +0 spear!
The gnoll hits you from afar with a +0 spear.
A gnoll comes into view. It is wielding a +0 spear.
The gnoll hits you from afar with a +0 spear.
The gnoll hits you from afar with a +0 spear.
* * * LOW HITPOINT WARNING * * *
The gnoll hits you from afar with a +0 spear.
* * * LOW HITPOINT WARNING * * *
The gnoll hits you with a +0 club!
You die...

... #....#... #.#
.P.##.._.#..# #.#
....#... #..#### #.#
#....... #.....### #.#
#PP....# #.......# #<#
#PP..g###..#....######.#
#Pg.......#.........#
###g#.#.#....########
#.#g#.##.#@#
#.#.#.##.#g#
#.#)#..#.#g#
#.#.##.#.#g#
#.#......#.#
#..........#
######.##### #.# #.#


You could see 3 gnolls.

Vanquished Creatures
  A gnoll (D:2)
  2 dart slugs (D:1)
  4 goblins (D:1)
  2 jackals (D:1)
  A kobold (D:1)
  2 frilled lizards (D:1)
  4 rats
16 creatures vanquished.

Notes
Turn   | Place    | Note
-------+----------+-------------------------------------------
     0 | D:1      | DinnerBoy7 the Naga Venom Mage began the quest for the Orb.
     0 | D:1      | Reached XP level 1. HP: 15/15 MP: 3/3
   136 | D:1      | Reached XP level 2. HP: 24/24 MP: 3/5
  1014 | D:2      | Found an ancient bone altar of Kikubaaqudgha.
  1028 | D:2      | Reached skill level 1 in Fighting
  1028 | D:2      | Reached XP level 3. HP: 25/31 MP: 0/6
  1039 | D:2      | Slain by a gnoll

Skill      XL: |  1  2 |
---------------+-------+-----
Fighting       | 1 |  1.0
Armour         | |  0.2
Dodging        | |  1.8
Stealth        | |  3.0
Spellcasting   | |  2.2
Conjurations   | |  1.4
Poison Magic   | |  4.4

Action                   || total
-------------------------++-------
Throw: Tomahawk          ||     1
 Cast: Sting             ||    18
 Abil: Spit Poison       ||    12
Armor: Leather armour    ||     4
Dodge: Dodged            ||    12
